 Dungeon Crawl Stone Soup version 0.28.0-53-g5a82cb258f (webtiles) character file.

Game seed: 3504068533053208505

67 safid the Digger (level 4, -2/26 HPs)
             Began as a Gargoyle Earth Elementalist on Sept 9, 2022.
             Slain by Natasha (6 damage)
             ... on level 2 of the Dungeon.
             The game lasted 00:01:46 (2101 turns).

safid the Digger (Gargoyle Earth Elementalist)      Turns: 2101, Time: 00:01:46

Health: -2/26      AC:  5    Str: 12    XL:     4   Next: 18%
Magic:  7/8        EV: 12    Int: 17    God:
Gold:   83         SH:  0    Dex: 10    Spells: 7/8 levels left

rFire   . . .      SeeInvis .   e - +0 mace
rCold   . . .      Faith    .   (no shield)
rNeg    + . .      Spirit   .   b - +0 robe
rPois   ∞          Reflect  .   (no helmet)
rElec   +          Harm     .   (no cloak)
rCorr   .          Rampage  .   (no gloves)
Will    .....                   (no boots)
Stlth   ++........              (no amulet)
HPRegen 0.08/turn               (no ring)
MPRegen 0.11/turn               (no ring)

@: slowed, very slow
A: sickness immunity, AC +3, negative energy resistance 1, electricity
resistance, torment resistance 1, petrification resistance
a: no special abilities


You were on level 2 of the Dungeon.
You visited 1 branch of the dungeon, and saw 2 of its levels.

You collected 83 gold pieces.

Inventory:

Hand Weapons
 e - a +0 mace (weapon)
Missiles
 a - 6 javelins
 c - 58 stones
Armour
 b - a +0 robe (worn)
Scrolls
 d - a scroll of acquirement {unknown}
 f - a scroll of noise {unknown}


   Skills:
 + Level 1.9 Fighting
 - Level 2.0 Dodging
 - Level 2.1 Stealth
 + Level 2.7 Spellcasting
 - Level 0.7 Transmutations
 + Level 4.4 Earth Magic


You had 7 spell levels left.
You knew the following spells:

 Your Spells              Type           Power      Damage    Failure   Level
a - Sandblast             Erth           34%        2d9       3%          1

Your spell library contained the following spells:

 Spells                   Type           Power      Damage    Failure   Level
 Passwall                 Tmut/Erth      9%         N/A       10%         2
 Stone Arrow              Conj/Erth      18%        3d8       22%         3
 Corpse Rot               Necr/Air       4%         N/A       26%         2
 Petrify                  Tmut/Erth      11%        N/A       54%         4
 Dispel Undead            Necr           2%         3d7       87%         4
 Death Channel            Necr           1%         N/A       100%        6


Dungeon Overview and Level Annotations

Branches:
Dungeon (2/15)

Altars:

Annotations:
D:2 Natasha


Innate Abilities, Weirdness & Mutations

You are immune to sickness and miasma.
Your stone body is resilient. (AC +3)
You are immune to poison.
You resist negative energy. (rN+)
You are resistant to electric shocks. (rElec)
You are resistant to unholy torment.
You are immune to petrification.


Message History

The hobgoblin hits you but does no damage.
You barely miss the hobgoblin. The hobgoblin closely misses you.
Natasha hisses angrily.
You hit the hobgoblin.
The hobgoblin is severely wounded.
The hobgoblin completely misses you.
The hobgoblin hits you but does no damage.
Natasha mumbles some strange words.
You hit the hobgoblin but do no damage.
The hobgoblin is severely wounded.
The hobgoblin hits you but does no damage.
The crimson imp blinks!
You barely miss the hobgoblin.
The hobgoblin is severely wounded.
The hobgoblin hits you with a +0 short sword.
The crimson imp blinks!
Natasha stares at you and mumbles some strange words.
You feel yourself slow down.
The hobgoblin hits you with a +0 short sword.
Unknown command.
You barely miss the hobgoblin.
The hobgoblin is severely wounded.
The hobgoblin hits you with a +0 short sword.
The crimson imp misses you.
The hobgoblin hits you with a +0 short sword.
Unknown command.
Casting: Sandblast (safe; 3% risk of failure)
Confirm with . or Enter, or press ? or * to list all spells.
Aiming: Sandblast (safe; 3% risk of failure)
Press: ? - help, Shift-Dir - straight line, f - crimson imp
Aim: a crimson imp (summoned, 69% to hit)
The blast of sand hits the crimson imp!
The crimson imp is severely wounded.
Natasha claws you.
* * * LOW HITPOINT WARNING * * *
The crimson imp hits you but does no damage.
The hobgoblin hits you with a +0 short sword.
* * * LOW HITPOINT WARNING * * *
Natasha claws you.
You die...

##)....# #.# .......###.#
#.......##.# #.......##.#
########## #........#.#
##.....)..#
#.######.#.###.....$...#
#.# #.†..............# #.#
#..#.###........)# ..#
#..#.# #..@5.....# #....#
#..hg.....#
#.#..#.'......############
....>#.#....?.##.........#
.....##'#....>.##.#######.#
.....#. .......##.#..# #.#
#.........##.#..# #.#
...########.#..# #.#
#...##### #.#..# #.#


You could see Natasha, a crimson imp (summoned) and a hobgoblin.

Vanquished Creatures
  Natasha (D:2)
  2 adders (D:2)
  2 dart slugs
  2 endoplasms
  2 giant cockroaches
  2 goblins (D:1)
  4 jackals (D:1)
  2 quokkas
  2 ball pythons (D:2)
  A bat (D:2)
  A kobold (D:2)
  A rat (D:2)
22 creatures vanquished.

Notes
Turn   | Place    | Note
-------+----------+-------------------------------------------
     0 | D:1      | safid the Gargoyle Earth Elementalist began the quest for
                  | the Orb.
     0 | D:1      | Reached XP level 1. HP: 10/10 MP: 3/3
   437 | D:1      | Reached XP level 2. HP: 16/16 MP: 5/5
  1116 | D:1      | Found a faded altar of an unknown god.
  1356 | D:2      | Reached skill level 1 in Fighting
  1356 | D:2      | Reached skill level 4 in Earth Magic
  1356 | D:2      | Reached XP level 3. HP: 14/20 MP: 3/6
  1856 | D:2      | Noticed Natasha
  1866 | D:2      | Killed Natasha
  1867 | D:2      | Reached XP level 4. HP: 18/26 MP: 1/8
  2092 | D:2      | Noticed Natasha
  2101 | D:2      | Slain by Natasha

Illustrated notes

Levels and vault maps discovered:
D:1:      minmay_arrival_loop, layout_loops_corners,
          ebering_ecumenical_altar_abandoned
D:2:      layout_basic, uniq_natasha

Skill      XL: |  1  2 |
---------------+-------+-----
Fighting       | 1 |  1.9
Dodging        | 2 |  2.0
Earth Magic    | 4 |  4.4
Stealth        | |  2.1
Spellcasting   | |  2.7
Transmutations | |  0.7

Action                   |  1- 3 |  4- 6 || total
-------------------------+-------+-------++-------
Melee: Unarmed           |     6 |       ||     6
       Club              |    14 |       ||    14
       Mace              |    59 |    11 ||    70
 Cast: Sandblast         |    12 |     1 ||    13
 Stab: Sleeping          |     2 |       ||     2
Armor: Robe              |    36 |     6 ||    42
Dodge: Dodged            |    84 |     9 ||    93
